cohdb
Replays
Latest Replays
All Replays
Popular Replays
Top Player Replays
Match Explorer
How It Works
Community
CoH3 Stats
Reddit
Sign in to upload your games and track your stats! →
Sign in with Steam
Match 42059310
Unlisted
Match 42059310
Overview
Messages
Build Orders
End
Royal Engineer Section
Selects Australian Defense Battlegroup
Selects Australian Light Infantry Section
Australian Light Infantry Section
Construct Section Command Post
ML 3-inch Mortar Team
Infantry Section
Construct Platoon Command Post
Humber Armored Car
Selects 2-pounder Anti-tank Gun Team
2-pounder Anti-tank Gun Team
Construct Field Infirmary
Infantry Training
Infantry Section
Selects Vehicle Over Repair
Grenade Package
Construct Company Command Post
Foot Guards Section
Armored Vehicle Training
Unlock M3 Grant Medium Tanks
M3 Grant Medium Tank
Insomniac
Camuel Beggins
maths320
skippy2x2x
0
0
Comments
sign in to comment!
No comments posted yet!